 Dungeon Crawl Stone Soup version 0.22-a0-271-gc000056 (webtiles) character file.

112 grindst0ne the Sneak (level 4, -3/35 HPs)
             Began as a Vampire Assassin on Mar 12, 2018.
             Slain by a cyan very ugly thing (26 damage)
             ... on level 1 of the Abyss.
             The game lasted 00:04:22 (2357 turns).

grindst0ne the Sneak (Vampire Assassin)             Turns: 2357, Time: 00:04:23

Health: -3/35      AC:  4    Str: 10    XL:     4   Next: 64%
Magic:  4/4        EV: 12    Int: 13    God:
Gold:   111        SH:  0    Dex: 16    Spells: 3/3 levels left

rFire    . . .     SeeInvis +   a - +3 dagger
rCold    + . .     Gourm    .   (no shield)
rNeg     + + .     Faith    .   c - +0 robe
rPois    +         Spirit   .   l - +0 helmet
rElec    .         Reflect  .   d - +0 cloak
rCorr    .         Harm     .   (no gloves)
MR       .....     Rnd*Tele +   (no boots)
Stlth    +++++.....             (no amulet)
HPRegen  0.05/turn              p - ring of teleportation (curse)
MPRegen  0.09/turn              (no ring)

@: regenerating slowly
A: fangs 3, see invisible, unbreathing
a: Bat Form


You were on level 1 of the Abyss.
You were near bloodless.

You visited 1 branch of the dungeon, and saw 3 of its levels.
You visited the Abyss 1 time.

You collected 111 gold pieces.

Inventory:

Hand Weapons
 a - a +3 dagger (weapon)
 b - a +0 blowgun
Missiles
 e - 18 poisoned needles
 f - 2 curare-tipped needles
 o - 5 needles of sleeping
Armour
 c - a +0 robe (worn)
 d - a +0 cloak (worn)
 l - a +0 helmet (worn)
Jewellery
 p - a cursed ring of teleportation (left hand)
Potions
 g - 15 potions of blood
 h - a potion of lignification {unknown}
 i - 2 potions of degeneration
 j - a potion of berserk rage {unknown}
 n - a potion of curing
 q - a potion of heal wounds
Miscellaneous
 k - a phantom mirror


   Skills:
 + Level 3.4 Fighting
 - Level 2.1 Short Blades
 - Level 1.5 Throwing
 - Level 1.1 Dodging
 + Level 7.7 Stealth


You had 3 spell levels left.
You didn't know any spells.

Dungeon Overview and Level Annotations

Branches:
Dungeon (3/15)

Altars:
The Shining One

Annotations:
D:3 1 runed door


Innate Abilities, Weirdness & Mutations

You heal slowly.
You have razor-sharp teeth.
You have supernaturally acute eyesight. (SInv)
You can survive without breathing.


Message History

You see here a phantom mirror.
k - a phantom mirror You start resting.
HP restored.
You start waiting.
You are suddenly pulled into a different region of the Abyss!
Found 21 stones.
Two of your 17 potions of blood rot away.
Found a gateway leading deeper into the Abyss.
An ugly thing and a tentacled starspawn come into view.
A cyan very ugly thing comes into view.
The cyan very ugly thing gurgles horribly!
You hear a horrible gurgling sound!
The cyan ugly thing gurgles horribly!
You hear a horrible gurgling sound!
A cyan very ugly thing comes into view.
A cyan very ugly thing comes into view.
The ufetubus shouts!
You hear a horrible gurgling sound!
The cyan very ugly thing pecks you! The cyan very ugly thing shocks you!!
Ouch! That really hurt!
You die...

#.ยง.. ..#....
#.#....
######...... #
#.##..... . #
#.##.#.#####.##
##u@u......##.#..
#.......##......#
#.#...........###
#.#X#...#####.#
#.#.5.........#
#.##.......##.#
#. #....##u##.#
......# .# #
........ ...#


You could see 2 very ugly things, a tentacled starspawn, a cyan ugly thing and
an ufetubus.

Vanquished Creatures
  A hound (D:3)
  A gnoll (D:1)
  An adder (D:3)
  2 worms
  2 dart slugs (D:1)
  2 orcs (D:3)
  2 ball pythons
  3 giant cockroaches
  6 goblins
  5 hobgoblins
  5 jackals
  2 quokkas (D:3)
  4 bats
  3 frilled lizards
  6 kobolds
  6 rats
51 creatures vanquished.

Notes
Turn   | Place    | Note
-------+----------+-------------------------------------------
     0 | D:1      | grindst0ne the Vampire Assassin began the quest for the Orb.
     0 | D:1      | Reached XP level 1. HP: 16/16 MP: 1/1
    35 | D:1      | Reached skill level 6 in Stealth
   174 | D:1      | Reached XP level 2. HP: 17/22 MP: 2/2
   509 | D:1      | Reached XP level 3. HP: 28/28 MP: 3/3
  1196 | D:2      | Reached skill level 7 in Stealth
  1566 | D:3      | Found a glowing golden altar of the Shining One.
  1566 | D:3      | Found a runed door.
  1566 | D:3      | Noticed an angel
  1693 | D:3      | Reached XP level 4. HP: 22/35 MP: 4/4
  2216 | D:3      | Cast into level 1 of the Abyss (goblin)
  2216 | Abyss:1  | Found a corrupted altar of Lugonu.
  2255 | Abyss:1  | Noticed a green death
  2350 | Abyss:1  | Noticed a tentacled starspawn
  2350 | Abyss:1  | Noticed a cyan ugly thing
  2351 | Abyss:1  | Noticed a cyan very ugly thing
  2352 | Abyss:1  | Noticed a cyan very ugly thing
  2354 | Abyss:1  | Noticed a cyan very ugly thing
  2357 | Abyss:1  | Slain by a cyan very ugly thing

Vault maps used:
D:1:      lightli_iron_boxes
D:2:      first_ration
D:3:      nrook_mini_vaults, serial_bayou_pond_b, lemuel_angel_altar,
          uniq_grinder

Skill      XL: |  1  2  3 |
---------------+----------+-----
Stealth        | 6 7 |  7.7
Fighting       | 2 3 |  3.4
Short Blades   | |  2.1
Throwing       | |  1.5
Dodging        | |  1.1

Action                   |  1- 3 |  4- 6 || total
-------------------------+-------+-------++-------
Melee: Dagger            |   110 |    20 ||   130
       Bite              |     6 |       ||     6
 Fire: Blowgun           |    15 |     2 ||    17
  Use: Scroll            |     5 |     1 ||     6
       Potion            |       |     1 ||     1
 Stab: Sleeping          |     9 |     2 ||    11
Armor: Robe              |    23 |     5 ||    28
Dodge: Dodged            |    61 |    14 ||    75

Table legend:
 A = Spawn XP
 B = Non-spawn XP
 C = Spawn XP percentage of total XP
 D = Spawn monster count
 E = Non-spawn monster count
 F = Spawn count percentage of total count
 G = Total turns spent on level
                    A         B        C        D         E        F      G
               +---------+---------+-------+---------+---------+-------+---------
         Total |       0 |     161 |   0.0 |       0 |      51 |   0.0 |  2357
               +---------+---------+-------+---------+---------+-------+---------
           D:1 |       0 |      50 |   0.0 |       0 |      20 |   0.0 |   631
           D:2 |       0 |      30 |   0.0 |       0 |      16 |   0.0 |   877
           D:3 |       0 |      81 |   0.0 |       0 |      15 |   0.0 |   708
               +---------+---------+-------+---------+---------+-------+---------
